 Dungeon Sprint DCSS version 0.28-a0-1389-gc726bef33b (webtiles) character file.

Game seed: 2106862349351398444

9078 mhtbhm the Tortoise (level 11, -5/122 HPs)
             Began as a Minotaur Fighter on Jan 4, 2022.
             Was the Champion of Okawaru.
             Slain by an orange demon (8 damage)
             ... summoned by an obsidian statue
             ... in the Dungeon (Sprint III: "The Ten Rune Challenge").
             The game lasted 00:05:58 (3272 turns).

mhtbhm the Tortoise (Minotaur Fighter)              Turns: 3272, Time: 00:05:58

Health: -5/122     AC:  4    Str: 25    XL:     11   Next: 18%
Magic:  13/15      EV: 11    Int:  5    God:    Okawaru [******]
Gold:   1665       SH:  8    Dex: 10    Spells: 10/10 levels left

rFire   . . .      SeeInvis .   f - +1 falchion (elec)
rCold   . . .      Faith    .   c - +0 buckler
rNeg    . . .      Spirit   .   b - +0 chain mail
rPois   .          Reflect  .   (helmet restricted)
rElec   .          Harm     .   (no cloak)
rCorr   .          Rampage  .   (no gloves)
Will    +....      NoTele   +   (no boots)
Stlth   ..........              (no amulet)
HPRegen 0.30/turn               (no ring)
MPRegen 0.14/turn               (no ring)

@: lethally poisoned (-5 -> -22), heroic, weakened, corroded, mesmerised
A: horns 2, retaliatory headbutt, low mp 1, strong-willed 1, robust 1
a: Renounce Religion, Heroism, Finesse


You were in the Dungeon.
You worshipped Okawaru.
Okawaru was exalted by your worship.
You visited 1 branch You collected 1665 gold pieces.

Inventory:

Hand Weapons
 a - a +1 long sword of holy wrath
 f - a +1 falchion of electrocution (weapon)
Missiles
 d - 7 curare-tipped darts (quivered)
Armour
 b - a +0 chain mail (worn)
 c - a +0 buckler (worn)
Wands
 i - a wand of digging (7)
Scrolls
 j - 2 scrolls of blinking
 k - a scroll of enchant armour {unknown}
 m - a scroll of holy word {unknown}
 o - a scroll of immolation {unknown}
 p - 3 scrolls of fear {unknown}
Potions
 e - a potion of curing
 g - a potion of haste
 h - 2 potions of magic
 n - 2 potions of flight
 q - a potion of lignification {unknown}
Miscellaneous
 l - a lightning rod (1/4)


   Skills:
 + Level 14.4(19.4) Fighting
 + Level 16.3(21.3) Long Blades
 + Level 17.1(22.1) Armour
 + Level 2.1(7.1) Dodging
 + Level 12.1(17.1) Shields
 * Level 10.0 Invocations
 + Level 6.7 Evocations


You had 10 spell levels left.
You didn't know any spells.
Your spell library contained the following spells:

 Spells                   Type           Power      Damage    Failure   Level
 Ozocubu's Armour         Ice            0%         N/A       99%         3
 Ozocubu's Refrigeration  Ice            0%         4d5       100%        7


Dungeon Overview and Level Annotations

Branches:
Dungeon (1/1)

Altars:
Cheibriados
Dithmenos
Elyvilon
Fedhas
Gozag
Hepliaklqana
Kikubaaqudgha
Makhleb
Nemelex Xobeh
Okawaru
Qazlal
Ru
Sif Muna
Trog
Uskayaw
Vehumet
Wu Jian
Xom
Yredelemnul
Zin
The Shining One
Beogh
Jiyva
Lugonu

Shops:
D *

Annotations:
D exclusion: obsidian statue


Innate Abilities, Weirdness & Mutations

You have a pair of horns on your head.
You reflexively headbutt those who attack you in melee.
Your magical capacity is low. (-10% MP)
You are strong-willed. (Will+)
You are robust. (+10% HP)


Message History

You are lethally poisoned!
The orange demon poisons you!
You feel better. The ufetubus hits you.
* * * LOW HITPOINT WARNING * * *
The ufetubus closely misses you. The ufetubus hits you.
* * * LOW HITPOINT WARNING * * *
You block the ufetubus's attack. You block the rust devil's attack.
The orange demon stings you!
* * * LOW HITPOINT WARNING * * *
The orange demon hits you.
* * * LOW HITPOINT WARNING * * *
You feel your attacks grow feeble. The orange demon misses you.
Okay, then.
You gain the combat prowess of a mighty hero.
The ufetubus barely misses you. You furiously retaliate!
You headbutt the ufetubus. The ufetubus hits you.
* * * LOW HITPOINT WARNING * * *
The rust devil barely misses you.
The orange demon stings you but does no damage.
The orange demon barely misses you. The orange demon stings you from afar.
* * * LOW HITPOINT WARNING * * *
You are lethally poisoned!
The orange demon poisons you!
Unknown command.
You hit the obsidian statue but do no damage.
You headbutt the obsidian statue, but do no damage.
The obsidian statue is lightly damaged.
* * * LOW HITPOINT WARNING * * *
You feel very sick. The ufetubus barely misses you. The ufetubus hits you.
* * * LOW HITPOINT WARNING * * *
You slash the obsidian statue! You headbutt the obsidian statue.
The obsidian statue is moderately damaged.
* * * LOW HITPOINT WARNING * * *
You feel very sick. The ufetubus closely misses you. The ufetubus hits you.
* * * LOW HITPOINT WARNING * * *
The rust devil barely misses you. The orange demon stings you!
You die...

#.....# ≈
#'#####
#.....+
#.##### #.#
#.# #.# ###
#.# ###8#
#.# ###§5@#
#.#+#.§§44#
#.#...§4§§#
#.#...§§§§#
#.........#
#########.#
#... ......
........


You could see an obsidian statue (mesmerising), 2 orange demons, a rust devil
(summoned) and an ufetubus (summoned).

Vanquished Creatures
  Dowan (D)
  Erolcha (D)
  5 orc high priests (D)
  2 deep elf pyromancers (D)
  3 deep elf zephyrmancers (D)
  Duvessa (D)
  2 cane toads (D)
  A komodo dragon (D)
  3 wandering mushrooms (D)
  A shadow (D)
  2 redbacks (D)
  A spatial vortex (D)
  A necrophage (D)
  5 two-headed ogres (D)
  A scorpion (D)
  A water elemental (D)
  A jelly (D)
  4 orc priests (D)
  Jessica (D)
  3 orc wizards (D)
  A wizard (D)
  A necromancer (D)
  A kobold demonologist (D)
  3 humans (D)
  10 orcs (D)
  3 rats (D)
59 creatures vanquished.

Vanquished Creatures (others)
  6 plants (D)
6 creatures vanquished.

Grand Total: 65 creatures vanquished

Notes
Turn   | Place    | Note
-------+----------+-------------------------------------------
     0 | D        | mhtbhm the Minotaur Fighter began the quest for the Orb.
     0 | D        | Reached XP level 1. HP: 19/19 MP: 0/0
    33 | D        | Noticed Jessica
    36 | D        | Killed Jessica
    37 | D        | Reached skill level 5 in Fighting
    37 | D        | Reached skill level 5 in Armour
    37 | D        | Reached skill level 5 in Shields
    37 | D        | Reached XP level 2. HP: 17/29 MP: 1/1
   187 | D        | Reached XP level 3. HP: 12/37 MP: 2/2
   386 | D        | Noticed a scorpion
   391 | D        | Killed a scorpion
   392 | D        | Reached skill level 7 in Armour
   392 | D        | Reached XP level 4. HP: 33/45 MP: 3/3
   409 | D        | Gained mutation: You are frail. (-10% HP) [potion of
                  | mutation]
   409 | D        | Gained mutation: You have sharp toenails. [potion of
                  | mutation]
   409 | D        | Gained mutation: Your spells are a little easier to cast,
                  | but a little less powerful. [potion of mutation]
   410 | D        | Lost mutation: Your spells are a little easier to cast, but
                  | a little less powerful. [potion of mutation]
   410 | D        | Lost mutation: You are frail. (-10% HP) [potion of
                  | mutation]
   410 | D        | Gained mutation: You tend to lose your temper in combat.
                  | [potion of mutation]
   410 | D        | Gained mutation: Armour fits poorly on your strangely
                  | shaped body. [potion of mutation]
   411 | D        | Lost mutation: You tend to lose your temper in combat.
                  | [potion of mutation]
   411 | D        | Lost mutation: You have sharp toenails. [potion of
                  | mutation]
   411 | D        | Gained mutation: Your spells are a little harder to cast,
                  | but a little more powerful. [potion of mutation]
   411 | D        | Gained mutation: You are robust. (+10% HP) [potion of
                  | mutation]
   411 | D        | Gained mutation: You expend magic power (3 MP) to
                  | strengthen your wands. [potion of mutation]
   412 | D        | Lost mutation: Armour fits poorly on your strangely shaped
                  | body. [potion of mutation]
   412 | D        | Lost mutation: Your spells are a little harder to cast, but
                  | a little more powerful. [potion of mutation]
   412 | D        | Lost mutation: You expend magic power (3 MP) to strengthen
                  | your wands. [potion of mutation]
   412 | D        | Gained mutation: Your magical capacity is low. (-10% MP)
                  | [potion of mutation]
   412 | D        | Gained mutation: You are strong-willed. (Will+) [potion of
                  | mutation]
   537 | D        | Noticed a water elemental
   543 | D        | Killed a water elemental
   544 | D        | Reached skill level 5 in Long Blades
   544 | D        | Reached skill level 8 in Armour
   544 | D        | Reached XP level 5. HP: 35/57 MP: 3/3
   661 | D        | Found a radiant altar of Vehumet.
   661 | D        | Found a shimmering blue altar of Sif Muna.
   661 | D        | Found an ancient bone altar of Kikubaaqudgha.
   698 | D        | Found a hide-covered altar of Uskayaw.
   698 | D        | Found an iron altar of Okawaru.
   698 | D        | Found a bloodstained altar of Trog.
   698 | D        | Found an ornate altar of the Wu Jian Council.
   698 | D        | Noticed a human
   698 | D        | Noticed a human
   710 | D        | Killed a human
   711 | D        | Reached skill level 9 in Armour
   711 | D        | Reached XP level 6. HP: 69/69 MP: 4/4
   716 | D        | Killed a human
   717 | D        | Reached skill level 10 in Armour
   721 | D        | Became a worshipper of Warmaster Okawaru
   771 | D        | Found a glowing silver altar of Zin.
   771 | D        | Found a glowing golden altar of the Shining One.
   771 | D        | Found a white marble altar of Elyvilon.
   772 | D        | Noticed a deep elf pyromancer
   783 | D        | Killed a deep elf pyromancer
   783 | D        | Reached * piety under Okawaru
   784 | D        | Reached skill level 10 in Fighting
   784 | D        | Reached skill level 12 in Armour
   784 | D        | Reached XP level 7. HP: 58/80 MP: 5/5
   798 | D        | Found a basalt altar of Yredelemnul.
   798 | D        | Found a shadowy altar of Dithmenos.
   798 | D        | Found a sacrificial altar of Ru.
   802 | D        | Reached skill level 10 in Long Blades
   802 | D        | Reached skill level 1 in Invocations
   819 | D        | Noticed a shadow
   823 | D        | Killed a shadow
   823 | D        | Reached ** piety under Okawaru
   824 | D        | Reached skill level 10 in Shields
   824 | D        | Reached XP level 8. HP: 70/90 MP: 7/7
   967 | D        | Found a blossoming altar of Fedhas.
   967 | D        | Found a stormy altar of Qazlal.
   967 | D        | Found a snail-covered altar of Cheibriados.
   967 | D        | Found a burning altar of Makhleb.
   967 | D        | Found a shimmering altar of Xom.
   968 | D        | Found a hazy altar of Hepliaklqana.
   968 | D        | Found an opulent altar of Gozag.
   968 | D        | Found a sparkling altar of Nemelex Xobeh.
   968 | D        | Found a corrupted altar of Lugonu.
   968 | D        | Found a viscous altar of Jiyva.
  1040 | D        | Reached skill level 13 in Armour
  1054 | D        | Noticed a two-headed ogre
  1077 | D        | Killed a two-headed ogre
  1325 | D        | Noticed a two-headed ogre
  1325 | D        | Noticed Erolcha
  1333 | D        | Killed Erolcha
  1334 | D        | Reached skill level 5 in Invocations
  1334 | D        | Reached XP level 9. HP: 77/100 MP: 10/10
  1341 | D        | Killed a two-headed ogre
  1341 | D        | Reached *** piety under Okawaru
  1342 | D        | Reached skill level 14 in Armour
  1636 | D        | Noticed a wandering mushroom
  1640 | D        | Noticed a wandering mushroom
  1642 | D        | Noticed a wandering mushroom
  1944 | D        | Noticed a cane toad
  1944 | D        | Noticed a komodo dragon
  1944 | D        | Noticed a cane toad
  1955 | D        | Killed a cane toad
  1958 | D        | Killed a cane toad
  1958 | D        | Reached **** piety under Okawaru
  1959 | D        | Reached skill level 1 in Dodging
  1959 | D        | Killed a komodo dragon
  1960 | D        | Reached XP level 10. HP: 82/111 MP: 11/12
  2122 | D        | Found Bewor's Assorted Antiques.
  2122 | D        | Noticed an orc high priest
  2122 | D        | Noticed an orc high priest
  2122 | D        | Noticed an orc high priest
  2124 | D        | Noticed an orange demon
  2127 | D        | Killed an orc high priest
  2127 | D        | Reached ***** piety under Okawaru
  2128 | D        | Reached skill level 15 in Armour
  2128 | D        | Killed an orc high priest
  2129 | D        | Reached skill level 15 in Long Blades
  2132 | D        | Killed an orc high priest
  2133 | D        | Reached skill level 5 in Evocations
  2247 | D        | Noticed a deep elf pyromancer
  2247 | D        | Noticed a deep elf zephyrmancer
  2247 | D        | Noticed a deep elf zephyrmancer
  2247 | D        | Noticed a deep elf zephyrmancer
  2247 | D        | Noticed a deep elf zephyrmancer
  2258 | D        | Killed a deep elf zephyrmancer
  2259 | D        | Reached skill level 16 in Armour
  2261 | D        | Killed a deep elf zephyrmancer
  2267 | D        | Killed a deep elf pyromancer
  2278 | D        | Killed a deep elf zephyrmancer
  2566 | D        | Noticed Dowan
  2566 | D        | Noticed Duvessa
  2575 | D        | Killed Dowan
  2575 | D        | Reached ****** piety under Okawaru
  2576 | D        | Reached XP level 11. HP: 59/121 MP: 15/15
  2585 | D        | Killed Duvessa
  2586 | D        | Reached skill level 17 in Armour
  2863 | D        | Received a gift from Okawaru
  2871 | D        | Noticed a sun demon
  2875 | D        | Reached skill level 10 in Invocations
  3250 | D        | Noticed an obsidian statue
  3272 | D        | HP: 6/122 [poisoned by an orange demon]
  3272 | D        | Slain by an orange demon

Illustrated notes

Levels and vault maps discovered:
D:        dungeon_sprint_mu [sprint_mu_entry_forest, sprint_mu_temple_rooms,
          sprint_mu_d1_spiders, sprint_mu_d2_genie, sprint_mu_d3_branching,
          sprint_mu_orc_legion, sprint_mu_elf_gauntlet, sprint_mu_hive_nellie,
          sprint_mu_lair_fedhas, sprint_mu_vaults_butterflies,
          sprint_mu_slime_circle, sprint_mu_shoals_archi,
          sprint_mu_snake_twists, sprint_mu_blade_basic,
          sprint_mu_crypt_chambers, sprint_mu_tomb_spiral,
          sprint_mu_vestibule_basic, sprint_mu_gehenna_hellfire,
          sprint_mu_dis_giant, sprint_mu_tartarus_statrot,
          sprint_mu_cocytus_islands, sprint_mu_zot1]

Skill      XL: |  1  2  3  4  5  6  7  8  9 10 11 |
---------------+----------------------------------+-----
Fighting       | 5 6 7 9 10 11 12 13 14 | 14.4
Long Blades    | 3 4 5 7 9 10 13 14 16 | 16.3
Armour         | 5 7 8 9 12 13 14 16 17 | 17.1
Shields        | 5 6 7 8 9 10 11 12 | 12.1
Invocations    | 2 5 7 9 10 | 10.0
Evocations     | 2 3 6 |  6.7
Dodging        | 1 2 |  2.1

Action                   |  1- 3 |  4- 6 |  7- 9 | 10-12 || total
-------------------------+-------+-------+-------+-------++-------
Melee: Long sword        |    25 |    39 |    70 |    64 ||   198
       Headbutt          |     3 |     9 |    23 |    12 ||    47
       Falchion          |       |       |       |     9 ||     9
Invok: Heroism           |       |       |       |     1 ||     1
Evoke: Lightning rod     |       |       |    16 |    12 ||    28
  Use: Potion            |       |     5 |       |     3 ||     8
Armor: Chain mail        |     5 |     9 |    15 |    30 ||    59
       Scale mail        |     1 |       |       |       ||     1
Dodge: Dodged            |     9 |     5 |    15 |    34 ||    63
Block: Buckler           |     5 |     5 |    14 |    18 ||    42

Table legend: (Time is in decaauts)
 A = Elapsed time spent in this place.
 B = Non-inter-level travel time spent in this place.
 C = Inter-level travel time spent in this place.
 D = Time resting spent in this place.
 E = Time spent auto-exploring this place.
 F = Levels seen in this place.
 G = Mean time per level.
                   A        B        C        D        E       F      G
               +--------+--------+--------+--------+--------+-----+--------+
         Total |   3262 |   3262 |      0 |   2480 |      1 |   1 | 3262.0 |
       Dungeon |   3262 |   3262 |      0 |   2480 |      1 |   1 | 3262.0 |
               +--------+--------+--------+--------+--------+-----+--------+

Top non-repeatable levels by time:
       D: 3262 daAuts
